 Dungeon Crawl Stone Soup version 0.18-a0-1164-g7046a04 (webtiles) character file.

42 poirepourri the Skirmisher (level 3, 0/24 HPs)
             Began as a Gargoyle Berserker on Jan 25, 2016.
             Was a Believer of Trog.
             Slain by Sigmund
             ... wielding a +0 scythe
              (5 damage)
             ... on level 2 of the Dungeon.
             The game lasted 00:01:49 (1128 turns).

poirepourri the Skirmisher (Gargoyle Berserker)     Turns: 1128, Time: 00:01:50

Health: 0/24       AC: 11    Str: 21    XL:     3   Next: 54%
Magic:  3/3        EV: 10    Int:  7    God:    Trog [**....]
Gold:   43         SH:  0    Dex:  9    Spells: 0 memorised, 2 levels left

rFire  . . .     SeeInvis .     a - +0 mace
rCold  . . .     Gourm    .     f - +2 scale mail
rNeg   + . .     Faith    .     (no shield)
rPois  ∞         Spirit   .     (no helmet)
rElec  +         Dismiss  .     (no cloak)
rCorr  .         Reflect  .     (no gloves)
SustAt .         Harm     .     (no boots)
MR     .....                    (no amulet)
Stlth  ..........               (no ring)
                                (no ring)

@: confused, exhausted, slowed, very slow, not resistant to hostile
enchantments, extremely unstealthy
A: negative energy resistance 1, electricity resistance, unbreathing,
petrification resistance, rot immunity, AC +3
a: Berserk, Trog's Hand, Burn Spellbooks, Renounce Religion


You were on level 2 of the Dungeon.
You worshipped Trog.
Trog was pleased with you.
You were not hungry.

You visited 1 branch of the dungeon, and saw 2 of its levels.

You collected 43 gold pieces.

Inventory:

Hand Weapons
 a - a +0 mace (weapon)
Armour
 b - a +0 animal skin
 f - a +2 scale mail (worn)
Potions
 i - a potion of magic {unknown}
Comestibles
 d - a beef jerky


   Skills:
 + Level 4.1 Fighting
 + Level 3.2 Maces & Flails
 + Level 2.3 Armour
 + Level 2.2 Dodging


You had 2 spell levels left.
You didn't know any spells.

Dungeon Overview and Level Annotations

Branches:
Dungeon (2/15)

Altars:

Annotations:
D:2 Sigmund


Innate Abilities, Weirdness & Mutations

You are resistant to torment.
Your stone body is resilient (AC +3).
You are immune to poison.
You resist negative energy.
You are resistant to electric shocks.
You can survive without breathing.
You are immune to petrification.
You are immune to rotting.


Message History

You closely miss the giant gecko. The giant gecko misses you.
Something hits you but does no damage. The giant gecko misses you.
You hit the giant gecko.
The giant gecko is almost dead.
The giant gecko barely misses you. Something hits you!
* * * LOW HITPOINT WARNING * * *
The giant gecko barely misses you.
You hit the giant gecko.
You kill the giant gecko!
Trog accepts your kill.
Something hits you but does no damage. x2
Something completely misses you.
You closely miss something.
You hear some strange, mumbled words.
You are confused.
You barely miss something.
You hear some strange, mumbled words.
Something tries to affect you, but you resist.
Something hits you.
You die...

.#.# #...........##.# #.#
#.... ##.#
#...........##.# #.# #....
#.# #...........##.# #.#
#.... #.# #...........##.#
#.# #.... #.#
#...........##.# #.# ##.##
#.# #...........##.####.#
#.################......#
##.....>....##############
#...........'...@{......
#...........#####.......
)......###### .......
#.#.##.##### .......
.).........# .......
#.#....###.# .......
......(# ....... .......#
....... #......#


There were no monsters in sight!

Vanquished Creatures
  An ooze (D:1)
  A worm (D:2)
  2 giant geckos
  2 giant cockroaches (D:1)
  9 goblins
  3 hobgoblins (D:1)
  6 bats
  A giant newt (D:1)
  4 kobolds (D:1)
  3 rats
32 creatures vanquished.

Notes
Turn   | Place    | Note
--------------------------------------------------------------
     0 | D:1      | poirepourri the Gargoyle Berserker began the quest for the Orb.
     0 | D:1      | Reached XP level 1. HP: 14/14 MP: 1/1
   281 | D:1      | Reached XP level 2. HP: 16/19 MP: 2/2
   679 | D:1      | Reached skill level 4 in Fighting
   679 | D:1      | Reached XP level 3. HP: 24/24 MP: 3/3
   882 | D:2      | Reached ** piety under Trog
  1091 | D:2      | Noticed Sigmund
  1128 | D:2      | Slain by Sigmund

Vault maps used:
D:1:      minmay_arrival_jagged
D:2:      johnstein_pakellas_shop, uniq_sigmund

Action                   || total
-------------------------++-------
Melee: Mace              ||   105
Invok: Berserk           ||     2
       Trog's Hand       ||     1
  Use: Scroll            ||     6
       Potion            ||     1
  Eat: Bread ration      ||     1
